 Dungeon Crawl Stone Soup version 0.32-a0-768-g0f6f1dd4b9 (webtiles) character file.

Game seed: 6912621320107042717

15 Drazool the Grave Robber (level 2, -4/19 HPs)
             Began as a Mummy Necromancer on Mar 18, 2024.
             Slain by a gnoll sergeant
             ... wielding a +0 spear
              (12 damage)
             ... on level 2 of the Dungeon.
             The game lasted 00:01:29 (1171 turns).

Drazool the Grave Robber (Mummy Necromancer)        Turns: 1171, Time: 00:01:30

Health: -4/19      AC:  2    Str: 11    XL:     2   Next: 34%
Magic:  1/6        EV: 11    Int: 14    God:
Gold:   16         SH:  0    Dex: 12    Spells: 7/8 levels left

rFire   x . .        (no weapon)
rCold   + . .        (no shield)
rNeg    + + +        a - +0 robe
rPois   ∞            (no helmet)
rElec   .            (no cloak)
rCorr   .            (no gloves)
SInv    .            (no boots)
Will    .....        (no amulet)
Stlth   ++           (no ring)
HPRegen 0.23/turn    (no ring)
MPRegen 0.10/turn

%: faith
@: no status effects
A: cold resistance 1, negative energy resistance 3, torment resistance 2, heat
vulnerability 1, in touch with death 1, no potions, faith
a: no special abilities


You were on level 2 of the Dungeon.
You visited 1 branch of the dungeon, and saw 2 of its levels.

You collected 16 gold pieces.


Innate Abilities, Weirdness & Mutations

You are immune to poison.
Your flesh is cold resistant. (rC+)
You are immune to negative energy. (rN+++)
You are immune to unholy pain and torment.
You are vulnerable to heat. (rF-)
You are in touch with the powers of death.
You do not drink.
You have a special connection with the divine. (Faith)


   Skills:
 - Level 1.5 Dodging
 - Level 1.5 Stealth
 + Level 3.9 Spellcasting
 - Level 4.0 Necromancy


You had 7 spell levels left.
You knew the following spells:

 Your Spells              Type           Power      Damage    Failure   Level
X - Necrotise             Necr           80%        1d8       3%          1

Your spell library contained the following spells:

 Spells                   Type           Power      Damage    Failure   Level
 Vampiric Draining        Necr           20%        2d7       12%         3
 Animate Dead             Necr           20%        N/A       36%         4
 Curse of Agony           Necr           20%        N/A       71%         5

Inventory:

Armour
 a - a +0 robe (worn)
Scrolls
 b - a scroll of butterflies {unknown}
 c - a scroll of teleportation {unknown}
 d - 2 scrolls of identify {unknown}
 e - a scroll of silence {unknown}
 f - a scroll of vulnerability {unknown}

Dungeon Overview and Level Annotations

Branches:
Dungeon (2/15)

Altars:

#..........####..#
..♣.... ..#.......##
##.# ♣).g♣.♣
####.....## ###
♣....g♣
##...############
♣...♣ ##..........##.#
♣..)♣ #..#######.##.#
♣♣.♣♣ #..# #.##.###♣.♣
##..# #####.##...##.#
##...###.....@gg#....#
#.....##.###.#########
##...........#
##.###...####
#.##.....# .........#
##.##.....# #.###...##
#.# #####


You could see a gnoll sergeant and a gnoll.


Message History

There is an open door here.
There is an open door here.
Your hobgoblin skeleton crumbles into dust!
A giant cockroach comes into view.
You feel a surge of power!
The giant cockroach writhes in agony.
The giant cockroach waves its antennae.
You feel a surge of power!
The giant cockroach writhes in agony.
You kill the giant cockroach!
Found a hand axe.
Found a hand axe.
Found a runed hand axe.
A gnoll comes into view. It is wielding a +0 club.
The gnoll shouts!
The gnoll sergeant shouts!
The gnoll shouts!
Something unseen opens the door.
You feel a surge of power!
The gnoll barely resists.
You feel a surge of power!
The gnoll writhes in agony.
You feel a surge of power!
The gnoll writhes in agony.
The gnoll attacks as it pursues you! The gnoll hits you with a +0 club.
You feel a surge of power!
The gnoll barely resists.
The gnoll hits you with a +0 club!
* * * LOW HITPOINT WARNING * * *
You are too injured to fight recklessly!
Aiming: Necrotise (safe; 3% risk of failure)
Press: ? - help, Q - select action Shift-Dir - straight line, f/p - gnoll
Aim: a gnoll, wielding a +0 club (heavily wounded, chance to affect: 84%)
You feel a surge of power!
The gnoll writhes in agony.
The gnoll sergeant hits you from afar with a +0 spear!
Ouch! That really hurt!
You die...

Skill      XL: |  1 |
---------------+----+-----
Spellcasting   | 3 |  3.9
Dodging        | |  1.5
Stealth        | |  1.5
Necromancy     | |  4.0

Action                     || total
---------------------------++-------
   Cast: Necrotise         ||    26
 Armour: Robe              ||     3
  Dodge: Dodged            ||     1

Levels and vault maps discovered:
D:1:      dpeg_arrival_shrine, layout_basic
D:2:      layout_loops_corners, ebering_ecumenical_altar_webs,
          pf_guarded_unrand_woodcutter

Notes
Turn   | Place    | Note
-------+----------+-------------------------------------------
     0 | D:1      | Drazool the Mummy Necromancer began the quest for the Orb.
     0 | D:1      | Reached XP level 1. HP: 13/13 MP: 4/4
    47 | D:1      | Reached skill level 3 in Spellcasting
   365 | D:1      | Reached XP level 2. HP: 19/19 MP: 0/6
  1154 | D:2      | Noticed a gnoll sergeant
  1171 | D:2      | Slain by a gnoll sergeant

Vanquished Creatures
  A dart slug (D:1)
  An endoplasm (D:1)
  A giant cockroach (D:2)
  4 hobgoblins
  A ball python (D:1)
  A kobold (D:1)
  3 rats
12 creatures vanquished.

Vanquished Creatures (collateral kills)
  A rat (D:1)
1 creature vanquished.

Grand Total: 13 creatures vanquished

Table legend: (Time is in decaauts)
 A = Elapsed time spent in this place.
 B = Non-inter-level travel time spent in this place.
 C = Inter-level travel time spent in this place.
 D = Time resting spent in this place.
 E = Time spent auto-exploring this place.
 F = Levels seen in this place.
 G = Mean time per level.
                   A        B        C        D        E       F      G
               +--------+--------+--------+--------+--------+-----+--------+
         Total |   1172 |   1144 |     28 |      0 |   1044 |   2 |  586.0 |
       Dungeon |   1172 |   1144 |     28 |      0 |   1044 |   2 |  586.0 |
               +--------+--------+--------+--------+--------+-----+--------+

Top non-repeatable levels by time:
     D:1: 992 daAuts
     D:2: 179 daAuts

Table legend:
 A = Non-vault XP
 B = Vault XP
 C = Vault XP percentage of total XP
 D = Non-vault monster count
 E = Vault monster count
 F = Vault count percentage of total count
                 A         B        C        D         E       F
            +---------+---------+-------+---------+---------+-------
      Total |      22 |       0 |   0.0 |      13 |       0 |   0.0
            +---------+---------+-------+---------+---------+-------
        D:1 |      17 |       0 |   0.0 |      10 |       0 |   0.0
        D:2 |       5 |       0 |   0.0 |       3 |       0 |   0.0
            +---------+---------+-------+---------+---------+-------
